 Dungeon Crawl Stone Soup version 0.28.0-1-gb440e238dd (webtiles) character file.

Game seed: 6841134114019368986

326 ISoar the Firebug (level 6, -2/52 HPs)
             Began as a Draconian Cinder Acolyte on Feb 24, 2022.
             Was a High Priest of Ignis.
             Shot with an arrow by a centaur (12 damage)
             ... on level 4 of the Dungeon.
             The game lasted 00:07:55 (4510 turns).

ISoar the Firebug (Draconian Cinder Acolyte)        Turns: 4510, Time: 00:07:56

Health: -2/52      AC:  7    Str: 17    XL:     6   Next: 24%
Magic:  1/11       EV: 11    Int: 16    God:    Ignis [*****.]
Gold:   84         SH:  0    Dex:  6    Spells: 10/12 levels left

rFire   + . .      SeeInvis .   a - -1 spear (flame)
rCold   . . .      Faith    .   (no shield)
rNeg    + . .      Spirit   .   (armour unavailable)
rPois   .          Reflect  .   (helmet restricted)
rElec   .          Harm     .   (no cloak)
rCorr   .          Rampage  .   q - +0 pair of gloves
Will    .....                   (no boots)
Stlth   +.........              (no amulet)
HPRegen 0.17/turn               h - ring of positive energy
MPRegen 0.12/turn               (no ring)

@: no status effects
A: AC +6, unfitting armour, cold-blooded
a: Renounce Religion, Fiery Armour, Foxfire Swarm, Rising Flame


You were on level 4 of the Dungeon.
You worshipped Ignis.
Ignis was extremely pleased with you.
You visited 1 branch of the dungeon, and saw 4 of its levels.

You collected 114 gold pieces.
You spent 30 gold pieces at shops.

Inventory:

Hand Weapons
 a - a -1 spear of flaming (weapon)
Armour
 q - a +0 pair of gloves (worn)
Jewellery
 h - a ring of positive energy (left hand)
 p - an amulet of guardian spirit
Scrolls
 c - 6 scrolls of teleportation
 k - 2 scrolls of noise {unknown}
 m - a scroll of acquirement {unknown}
 n - 2 scrolls of identify {unknown}
 o - a scroll of amnesia {unknown}
Potions
 b - a potion of might {unknown}
 d - 2 potions of curing {unknown}
 e - a potion of ambrosia {unknown}
 f - a potion of heal wounds {unknown}
 g - a potion of mutation {unknown}
 i - 2 potions of flight {unknown}
 j - 2 potions of cancellation {unknown}
 l - 2 potions of lignification {unknown}


   Skills:
 + Level 3.8 Fighting
 + Level 3.7 Polearms
 + Level 1.0 Dodging
 + Level 0.2 Stealth
 * Level 3.6 Spellcasting
 * Level 4.7 Fire Magic


You had 10 spell levels left.
You knew the following spells:

 Your Spells              Type           Power      Damage    Failure   Level
a - Scorch                Fire           36%        2d6       3%          2

Your spell library contained the following spells:

 Spells                   Type           Power      Damage    Failure   Level
 Freeze                   Ice            8%         1d3       19%         1
 Conjure Flame            Conj/Fire      10%        6-21      21%         3
 Ignite Poison            Fire/Tmut/Pois 7%         N/A       28%         3
 Frozen Ramparts          Ice            4%         1d2       47%         3
 Ozocubu's Armour         Ice            2%         N/A       47%         3
 Sticky Flame             Conj/Fire      10%        2d3       54%         4
 Hailstorm                Conj/Ice       2%         3d3       87%         4
 Metabolic Englaciation   Hex/Ice        1%         N/A       99%         5
 Simulacrum               Ice/Necr       1%         N/A       100%        6


Dungeon Overview and Level Annotations

Branches:
Dungeon (4/15)
 Temple: D:4-7

Altars:

Shops:
D:1 *


Innate Abilities, Weirdness & Mutations

Your plain brown scales are hard. (AC +6)
You cannot fit into any form of body armour.
You are cold-blooded and may be slowed by cold attacks.


Message History

Confirm with . or Enter, or press ? or * to list all spells.
Flames lash the hound.
The hound is burned terribly!
You kill the hound!
A centaur comes into view.
A centaur is nearby!
A centaur is nearby!
The centaur wields a +0 shortbow.
The centaur shoots an arrow.
The arrow hits you!
You see here a hound corpse.
The centaur shoots an arrow.
The arrow hits you!
The centaur shoots an arrow.
The arrow hits you!
The centaur shoots an arrow.
The arrow hits you.
You are too injured to fight recklessly!
Casting: Scorch (safe; 3% risk of failure)
Confirm with . or Enter, or press ? or * to list all spells.
You can't see any susceptible monsters within range! (Use Z to cast anyway.)
The centaur shoots an arrow.
The arrow misses you.
The centaur shoots an arrow.
The arrow closely misses you.
Casting: Scorch (safe; 3% risk of failure)
Confirm with . or Enter, or press ? or * to list all spells.
Flames lash the centaur.
The centaur is moderately wounded.
The centaur's fire resistance burns away.
The centaur shoots an arrow.
The arrow barely misses you.
The centaur shoots an arrow.
The arrow barely misses you.
Casting: Scorch (safe; 3% risk of failure)
Confirm with . or Enter, or press ? or * to list all spells.
Flames lash the centaur.
The centaur is burned terribly!
The centaur is severely wounded.
The centaur shoots an arrow.
The arrow hits you.
The centaur shoots an arrow.
The arrow hits you.
The centaur shoots an arrow.
The arrow hits you!
* * * LOW HITPOINT WARNING * * *
Reach: a) -1 spear (flame)
Press: ? - help, Dir - move target, f - centaur
Aim: a centaur, wielding a +0 shortbow and quivering arrows (severely wounded, more vulnerable to fire, about 32% to evade your -1 spear of flaming)
You reach to attack!
You barely miss the centaur.
The centaur is severely wounded.
The centaur shoots an arrow.
The arrow hits you!
You die...

#......# ##..#..#.##
####......#######.>##.....
.........)..........(.#.#
####..........######....#.
#..........# #.......#.
#.....†....# #.##....##
######.....# #.#####.#.
#######.....# #.# ###.##
.......@....# #.# #.....
#######.....# #.# #.###.
#c....# #.........
........#####+####
.######.# ...... .. .#
...... .. ...... ...
...... ......


You could see a centaur (combustible).

Vanquished Creatures
  A centaur (D:3)
  2 hounds
  Natasha (D:2)
  Robin (D:2)
  5 adders
  A river rat (D:3)
  An adder skeleton (D:4)
  2 worms
  A dart slug (D:1)
  2 orcs
  10 endoplasms
  A giant cockroach (D:1)
  16 goblins
  8 hobgoblins
  3 jackals (D:2)
  6 kobolds
  8 quokkas
  6 ball pythons
  6 bats
  A frilled lizard (D:1)
  4 rats
86 creatures vanquished.

Notes
Turn   | Place    | Note
-------+----------+-------------------------------------------
     0 | D:1      | ISoar the Draconian Cinder Acolyte began the quest for the
                  | Orb.
     0 | D:1      | Reached XP level 1. HP: 19/19 MP: 2/2
   217 | D:1      | Reached XP level 2. HP: 24/26 MP: 3/3
   220 | D:1      | Learned a level 2 spell: Scorch
   928 | D:1      | Found Goreroc's General Store.
   943 | D:1      | Bought a scroll of teleportation for 30 gold pieces
  1112 | D:2      | Reached XP level 3. HP: 31/31 MP: 4/4
  1698 | D:2      | Noticed Natasha
  1707 | D:2      | Killed Natasha
  1708 | D:2      | Reached XP level 4. HP: 21/40 MP: 0/6
  2018 | D:2      | Noticed Robin
  2079 | D:2      | Killed Robin
  2080 | D:2      | Reached skill level 4 in Fire Magic
  2885 | D:3      | Reached XP level 5. HP: 44/46 MP: 0/8
  3166 | D:3      | Noticed a centaur
  3178 | D:3      | Killed a centaur
  3179 | D:3      | Reached skill level 1 in Dodging
  3497 | D:3      | Found a faded altar of an unknown god.
  3574 | D:3      | Reached XP level 6. HP: 36/52 MP: 7/10
  4510 | D:4      | Shot with an arrow by a centaur

Illustrated notes

Levels and vault maps discovered:
D:1:      beargit_arrival_diablo_church, layout_basic, serial_shops,
          nicolae_diamond_shop
D:2:      layout_basic, minmay_box_of_dots, uniq_natasha, uniq_robin
D:3:      layout_basic, hellmonk_ecumenical_altar_pennies_from_heaven,
          gup_sewer_entry_spiral, minmay_misc_feat_roman, minmay_unequal
D:4:      layout_basic, kennysheep_windowed_goal

Skill      XL: |  1  2  3  4  5 |
---------------+----------------+-----
Fire Magic     | 4 |  4.7
Spellcasting   | 2 3 |  3.6
Dodging        | 1 |  1.0
Fighting       | |  3.8
Polearms       | |  3.7
Stealth        | |  0.2

Action                   |  1- 3 |  4- 6 || total
-------------------------+-------+-------++-------
Melee: Spear             |   105 |    91 ||   196
       Tailslap          |    10 |     8 ||    18
       Punch             |     3 |     2 ||     5
 Cast: Scorch            |    14 |    46 ||    60
Armor: Skin              |    27 |    32 ||    59
Dodge: Dodged            |    53 |    60 ||   113
